 Dungeon Crawl Stone Soup version 0.28.0-47-ge53b351184 (webtiles) character file.

Game seed: 17729155230402721410

130 bobregger the Cudgeller (level 5, -1/54 HPs)
             Began as an Ogre Berserker on May 4, 2022.
             Was a Follower of Trog.
             Slain by a gnoll
             ... wielding a +0 spear
              (4 damage)
             ... on level 4 of the Dungeon.
             The game lasted 00:03:39 (3282 turns).

bobregger the Cudgeller (Ogre Berserker)            Turns: 3282, Time: 00:03:41

Health: -1/54      AC:  3    Str: 21    XL:     5   Next: 14%
Magic:  5/5        EV: 10    Int:  8    God:    Trog [*.....]
Gold:   198        SH:  0    Dex: 10    Spells: 4/4 levels left

rFire   . . .      SeeInvis .   d - +5 whip (venom)
rCold   . . .      Faith    .   (no shield)
rNeg    . . .      Spirit   .   b - +0 animal skin
rPois   .          Reflect  .   (helmet restricted)
rElec   .          Harm     .   (no cloak)
rCorr   .          Rampage  .   (gloves unavailable)
Will    .....                   (boots unavailable)
Stlth   +.........              (no amulet)
HPRegen 0.18/turn               (no ring)
MPRegen 0.09/turn               (no ring)

@: on berserk cooldown, slowed, very slow
A: large, unfitting armour, tough skin 1
a: Renounce Religion, Berserk


You were on level 4 of the Dungeon.
You worshipped Trog.
Trog was aware of your devotion.
You visited 1 branch of the dungeon, and saw 5 of its levels.

You collected 198 gold pieces.

Inventory:

Hand Weapons
 d - a +5 whip of venom (weapon)
Armour
 b - a +0 animal skin (worn)
Scrolls
 f - a scroll of magic mapping
Potions
 a - a potion of berserk rage {unknown}
 c - 2 potions of curing {unknown}
 e - a potion of attraction {unknown}
 g - a potion of mutation {unknown}
 j - a potion of resistance {unknown}


   Skills:
 - Level 4.0 Fighting
 + Level 5.1 Maces & Flails
 - Level 2.6 Dodging


You had 4 spell levels left.
You didn't know any spells.
Your spell library was empty.

Dungeon Overview and Level Annotations

Branches:
Dungeon (5/15)             Temple (0/1) D:4

Altars:
Okawaru

Annotations:
D:4 Pikel
D:5 Dowan, Duvessa


Innate Abilities, Weirdness & Mutations

You are too large for most types of armour.
You have tough skin. (AC +1)


Message History

As you read the scroll labelled BINEOD BORAMM, it crumbles to dust.
You feel aware of your surroundings.
You sensed 1 shop/portal.
It was a scroll of magic mapping.
The bullfrog closely misses you.
A gnoll comes into view. It is wielding a +0 spear.
The gnoll hits you from afar with a +0 halberd!
The bullfrog misses you. The gnoll barely misses you.
The gnoll moves out of view.
As you read the scroll labelled AKKEHO FUDASUM, it crumbles to dust.
The scroll dissolves into smoke.
It was a scroll of fog.
The bullfrog closely misses you.
A hound skeleton comes into view.
The bullfrog closely misses you. The gnoll closely misses you.
The bullfrog barely misses you.
As you read the scroll labelled NYATRA GIMNU, it crumbles to dust.
You assume a fearsome visage.
The orc warrior looks frightened!
The bullfrog looks frightened!
The orc looks frightened!
The hound skeleton is unaffected.
The ball python looks frightened!
The gnoll shaman looks frightened!
The gnoll looks frightened!
It was a scroll of fear.
Pikel says, "You'll make a fine lemure."
The orc wails, "Oh dear!
Oh dear!"
Found an embroidered hat.
The gnoll closely misses you.
Pikel cracks his whip.
A lemure comes into view.
The gnoll closely misses you. The gnoll hits you with a +0 club.
* * * LOW HITPOINT WARNING * * *
The gnoll hits you with a +0 spear.
* * * LOW HITPOINT WARNING * * *
As you read the scroll labelled PYUVACE GUFU, it crumbles to dust.
It is a scroll of identify.
l - a scroll of holy word The gnoll hits you but does no damage.
The gnoll closely misses you.
As you read the scroll of holy word, it crumbles to dust.
You speak a Word of immense power!
The lemure convulses!
The gnoll hits you with a +0 club!
* * * LOW HITPOINT WARNING * * *
The gnoll hits you with a +0 spear.
* * * LOW HITPOINT WARNING * * *
The gnoll barely misses you. The gnoll hits you with a +0 spear.
You die...

****,****..,#.....#..*##,*,,**,,
*,* **#.#...o..##..##.*,**,, *,*
#..o.....o......,,**,,
*,*******#...F.>...#****,,,,,
*,,,,,,,*###..#.##..#******,,
***,,,,,** ##§#.#**,..#****,,
*,,,,,,** #5#5#****,5,,**,*
*****,,,###gK§g#***,,,,,,,*
*,,,#[@gg§.K555,,,,,,,,
**,,,#####5##g..,*****,* *,,,**
#g5.,.#** *,*
**,,,******..##,,,* *,,
**,,,***,**,,.#***,* ***,,
*******,,,** *,,,,,##***,* *,,,,
*,,,**,,,** *,,,,,,,,,,,***,**,
*,,,**,,,* ***,,,,,,,,,,,,,**,
*,,,*,,,** *,,,,,,,,**,,,,*,


You could see Pikel, a lemure (dazed) and 3 gnolls.

Vanquished Creatures
  2 lemures (D:4)
  An iguana (D:5)
  Robin (D:3)
  4 adders
  A worm (D:2)
  A dart slug (D:3)
  4 bats (D:2)
  6 endoplasms
  2 giant cockroaches (D:1)
  11 goblins
  7 hobgoblins
  2 quokkas
  3 ball pythons
  4 frilled lizards
  5 kobolds
  3 rats
  4 toadstools (D:1)
61 creatures vanquished.

Notes
Turn   | Place    | Note
-------+----------+-------------------------------------------
     0 | D:1      | bobregger the Ogre Berserker began the quest for the Orb.
     0 | D:1      | Reached XP level 1. HP: 24/24 MP: 1/1
   395 | D:1      | Reached skill level 3 in Maces & Flails
   449 | D:1      | Reached XP level 2. HP: 16/32 MP: 2/2
  1167 | D:1      | Found a faded altar of an unknown god.
  1308 | D:1      | Reached XP level 3. HP: 35/39 MP: 3/3
  1473 | D:2      | Reached skill level 4 in Maces & Flails
  2255 | D:2      | Reached XP level 4. HP: 44/48 MP: 4/4
  2739 | D:3      | Found an iron altar of Okawaru.
  2828 | D:3      | Noticed Robin
  2838 | D:3      | Killed Robin
  2847 | D:3      | Reached ** piety under Trog
  3228 | D:3      | You fall into a shaft and drop 2 floors!
  3228 | D:5      | Entered Level 5 of the Dungeon
  3234 | D:5      | Reached skill level 5 in Maces & Flails
  3234 | D:5      | Reached XP level 5. HP: 50/54 MP: 5/5
  3264 | D:5      | Noticed Duvessa
  3264 | D:5      | Noticed Dowan
  3270 | D:4      | Noticed an orc warrior
  3270 | D:4      | Noticed a lemure
  3275 | D:4      | Noticed Pikel
  3275 | D:4      | Noticed a lemure
  3275 | D:4      | Noticed a lemure
  3279 | D:4      | Noticed a lemure
  3282 | D:4      | Killed a lemure
  3282 | D:4      | Killed a lemure
  3282 | D:4      | Slain by a gnoll

Illustrated notes

Levels and vault maps discovered:
D:1:      ldierk_water_garden, layout_loops_cross,
          hellmonk_ecumenical_altar_zigzags
D:2:      layout_loops_ring, serial_glass, glass_columns_a, glass_columns_a,
          glass_columns_a, glass_columns_c, glass_columns_c, glass_columns_a,
          glass_columns_b, glass_columns_b, feat_on_display
D:3:      cheibrodos_helix_gallery, layout_loops_cross, lemuel_tele_altar,
          kennysheep_potato, uniq_robin
D:4:      layout_rooms, minmay_temple_entry_ruins, serial_shops,
          nicolae_shop_behind_doors, serial_curves, eino_curves_02,
          eino_curves_02, minmay_manual_mess, uniq_natasha, uniq_sigmund,
          uniq_pikel
D:5:      layout_cave_pools, columned_hall_lemuel,
          minmay_misc_feat_secret_circle, uniq_duvessa

Skill      XL: |  1  2  3  4 |
---------------+-------------+-----
Maces & Flails | 3 4 5 |  5.1
Fighting       | |  4.0
Dodging        | |  2.6

Action                   |  1- 3 |  4- 6 || total
-------------------------+-------+-------++-------
Melee: Mace              |    23 |       ||    23
       Whip              |    63 |    44 ||   107
Invok: Berserk           |     3 |     2 ||     5
  Use: Scroll            |       |     5 ||     5
Armor: Animal skin       |    24 |     6 ||    30
Dodge: Dodged            |    57 |    26 ||    83
